cohdb
Replays
Latest Replays
All Replays
Popular Replays
Top Player Replays
Match Explorer
How It Works
Community
CoH3 Stats
Reddit
Sign in to upload your games and track your stats! →
Sign in with Steam
Match 44237710
Unlisted
Match 44237710
Overview
Messages
Build Orders
End
Construct Section Command Post
Selects Heavy Armor Battlegroup
Dingo Light Scout Car
Dingo Light Scout Car
Infantry Section
Infantry Section
Construct Platoon Command Post
Selects Light Vehicle Withdraw and Refit
Selects Rigorous Vehicle Training
Humber Armored Car
Light Vehicle Withdraw and Refit
Humber Armored Car
Infantry Section
6-pounder Anti-tank Gun Team
Royal Engineer Section
AUS Potato
Arturokq
✠HerrKlingtGut✠
mocik
0
0
Comments
sign in to comment!
No comments posted yet!